 Dungeon Crawl Stone Soup version 0.18-a0-1354-gbc5753f (webtiles) character file.

56 HEYYEYAAE the Digger (level 4, -1/32 HPs)
             Began as a Human Earth Elementalist on Feb 19, 2016.
             Slain by an adder (4 damage)
             ... on level 2 of the Dungeon.
             The game lasted 00:01:33 (1095 turns).

HEYYEYAAE the Digger (Human Earth Elementalist)     Turns: 1095, Time: 00:01:33

Health: -1/32      AC:  3    Str: 14    XL:     4   Next: 15%
Magic:  5/7        EV: 12    Int: 16    God:
Gold:   27         SH:  0    Dex: 13    Spells: 1 memorised, 6 levels left

rFire  . . .     SeeInvis .     b - 87 stones
rCold  . . .     Gourm    .     a - +0 robe
rNeg   . . .     Faith    .     (no shield)
rPois  .         Spirit   .     (no helmet)
rElec  .         Dismiss  .     k - +0 cloak
rCorr  .         Reflect  .     (no gloves)
SustAt .         Harm     .     (no boots)
MR     .....                    (no amulet)
Stlth  ++........               (no ring)
                                (no ring)

@: mighty, not resistant to hostile enchantments, unstealthy
A: no striking features
a: no special abilities


You were on level 2 of the Dungeon.
You were hungry.

You visited 1 branch of the dungeon, and saw 2 of its levels.

You collected 27 gold pieces.

Inventory:

Hand Weapons
 l - a +2 dagger of electrocution
Missiles
 b - 87 stones (in hand)
Armour
 a - a +0 robe (worn)
 k - a +0 cloak (worn)
Jewellery
 j - an uncursed ring of ice
Scrolls
 e - 2 scrolls of enchant armour {unknown}
 g - a scroll of teleportation {unknown}
 h - a scroll of random uselessness {unknown}
 i - a scroll of blinking {unknown}
 o - a scroll of fog {unknown}
 p - a scroll of recharging {unknown}
Potions
 m - a potion of lignification {unknown}
Books
 c - a book of Geomancy

   Spells                             Type                      Level
   a - Sandblast                      Earth                        1
   b - Passwall                       Transmutation/Earth          2
   c - Stone Arrow                    Conjuration/Earth            3
   d - Petrify                        Transmutation/Earth          4
   e - Lee's Rapid Deconstruction     Earth                        5
Comestibles
 d - 2 bread rations
 f - a slice of pizza


   Skills:
 + Level 1.1 Fighting
 + Level 1.1 Armour
 + Level 2.5 Dodging
 - Level 2.0 Stealth
 + Level 2.4 Spellcasting
   Level 1.0 Transmutations
 * Level 3.5 Earth Magic


You had 6 spell levels left.
You knew the following spells:

 Your Spells              Type           Power        Failure   Level  Hunger
a - Sandblast             Erth           ##....       6%          1    #......


Dungeon Overview and Level Annotations

Branches:
Dungeon (2/15)

Altars:


Message History

Confirm with . or Enter, or press ? or * to list all spells.
Aiming: Sandblast
Press: ? - help, Shift-Dir - straight line, f - adder
Aim: an adder The rocky blast hits the adder.
The adder is moderately wounded.
The adder completely misses you. The adder bites you.
* * * LOW HITPOINT WARNING * * *
Casting: Sandblast
Confirm with . or Enter, or press ? or * to list all spells.
Aiming: Sandblast
Press: ? - help, Shift-Dir - straight line, f/p - adder
Aim: an adder (moderately wounded)
The rocky blast misses the adder.
The adder bites you.
* * * LOW HITPOINT WARNING * * *
Drink which item? (? for menu, Esc to quit)
It was a potion of might.
You feel very mighty all of a sudden. The adder bites you.
You die...

#################
#..............[#
#.###...........#
#.#.............#
#.#.#...........#
#.#.#....(......#
#.#..<...(.....S#####.
#.###.#.###..(@)......
#.#...#.# #...........
#.#.###†# #...........
#.#.# #.# #...........
###.#.# #.#
#...........
....#.###.#
###########.
....+...#.#
....#.#.#.#
.....)#.#.#


You could see an adder.

Vanquished Creatures
  A gnoll (D:1)
  2 adders (D:2)
  An ooze (D:2)
  A giant gecko (D:2)
  A giant cockroach (D:1)
  5 goblins
  4 hobgoblins
  2 bats (D:1)
  2 giant newts (D:1)
  4 kobolds
  A rat (D:1)
24 creatures vanquished.

Notes
Turn   | Place    | Note
--------------------------------------------------------------
     0 | D:1      | HEYYEYAAE the Human Earth Elementalist began the quest for the Orb.
     0 | D:1      | Reached XP level 1. HP: 13/13 MP: 3/3
    26 | D:1      | Reached XP level 2. HP: 12/20 MP: 0/5
   603 | D:1      | Reached XP level 3. HP: 25/25 MP: 3/6
   872 | D:2      | Reached skill level 1 in Armour
  1007 | D:2      | Reached skill level 1 in Fighting
  1056 | D:2      | Reached XP level 4. HP: 30/32 MP: 7/7
  1095 | D:2      | Slain by an adder

Vault maps used:
D:1:      dpeg_arrival_arbitrary_a

Action                   |  1- 3 |  4- 6 || total
-------------------------+-------+-------++-------
Melee: Mace              |    18 |       ||    18
       Dagger            |    34 |    13 ||    47
 Cast: Sandblast         |    13 |     2 ||    15
  Use: Potion            |       |     1 ||     1
 Stab: Sleeping          |     3 |       ||     3
